 Dungeon Crawl Stone Soup version 0.19.4 (webtiles) character file.

3571 Naow the Infuser (level 9, -5/45 HPs)
             Began as a Deep Elf Conjurer on Jan 30, 2017.
             Was a Believer of Vehumet.
             Slain by a swamp worm (15 damage)
             ... on level 8 of the Dungeon.
             The game lasted 00:20:44 (11897 turns).

Naow the Infuser (Deep Elf Conjurer)               Turns: 11897, Time: 00:20:45

Health: -5/45      AC:  7    Str:  5    XL:     9   Next: 84%
Magic:  2/23       EV: 18    Int: 24    God:    Vehumet [**....]
Gold:   220        SH:  0    Dex: 28    Spells: 5 memorised, 9 levels left

rFire  . . .     SeeInvis .     z - -3 dagger (curse)
rCold  . . .     Gourm    .     w - +2 robe of the Iron City of Dis {Dex+10}
rNeg   + . .     Faith    .     (no shield)
rPois  .         Spirit   .     D - +0 hat
rElec  .         Reflect  .     (no cloak)
rCorr  .         Harm     .     i - +2 pair of gloves
MR     .....                    (no boots)
Stlth  ++........               (no amulet)
                                G - +3 ring of dexterity
                                y - ring of positive energy

@: very slightly contaminated
A: no striking features
a: Renounce Religion


You were on level 8 of the Dungeon.
You worshipped Vehumet.
Vehumet was pleased with you.
You were hungry.

You visited 2 branches of the dungeon, and saw 9 of its levels.
You also visited: Sewer.

You collected 391 gold pieces.
You spent 171 gold pieces at shops.

Inventory:

Hand Weapons
 e - a +0 dagger
 z - a cursed -3 dagger (weapon)
Armour
 a - a +0 robe
 d - a +0 helmet
 i - a +2 pair of gloves (worn)
 w - the +2 robe of the Iron City of Dis (worn) {Dex+10}
   (You found it on level 4 of the Dungeon)

   It affects your dexterity (+10).
 D - a +0 hat (worn)
Jewellery
 y - a ring of positive energy (left hand)
 G - a +3 ring of dexterity (right hand)
Wands
 C - a wand of flame (8/48)
 E - a wand of lightning (1/15)
 F - a wand of polymorph (18/24)
 J - a wand of lightning (2/15)
Scrolls
 g - a scroll of blinking {unknown}
 h - 2 scrolls of recharging {unknown}
 k - 8 scrolls of identify {unknown}
 o - 2 scrolls of enchant weapon {unknown}
 p - 5 scrolls of teleportation {unknown}
 t - 2 scrolls of magic mapping {unknown}
 u - 2 scrolls of fear {unknown}
 B - 2 scrolls of remove curse {unknown}
 H - a scroll of enchant armour {unknown}
Potions
 f - 2 potions of lignification {unknown}
 j - 2 potions of flight {unknown}
 l - 4 potions of haste
 m - 2 potions of cancellation {unknown}
 n - 3 potions of heal wounds
 q - a potion of magic {unknown}
 v - 2 potions of might {unknown}
 x - a potion of brilliance {unknown}
 A - 2 potions of curing
 I - a potion of degeneration {unknown}
Books
 b - a book of Conjurations

   Spells                             Type                      Level
   a - Magic Dart                     Conjuration                  1
   b - Searing Ray                    Conjuration                  2
   c - Dazzling Spray                 Conjuration/Hexes            3
   d - Fulminant Prism                Conjuration/Hexes            4
   e - Iskenderun's Mystic Blast      Conjuration                  4
   f - Iskenderun's Battlesphere      Conjuration/Charms           5
Comestibles
 c - 12 bread rations
 r - 3 meat rations
 s - 2 fruits
 K - 2 chunks of flesh


   Skills:
 + Level 6.2 Dodging
 - Level 2.4 Stealth
 + Level 8.7 Spellcasting
 + Level 8.7 Conjurations
 - Level 13.0 Charms


You had 9 spell levels left.
You knew the following spells:

 Your Spells              Type           Power        Failure   Level  Hunger
a - Magic Dart            Conj           ####         1%          1    None
b - Searing Ray           Conj           ######       1%          2    None
c - Iskenderun's Battles  Conj/Chrm      ######..     1%          5    ####...
d - Iskenderun's Mystic   Conj           ######..     1%          4    ##.....
e - Fulminant Prism       Conj/Hex       ####......   12%         4    ##.....


Dungeon Overview and Level Annotations

Branches:
Dungeon (8/15)             Temple (1/1) D:7
   Lair: D:8-11

Altars:
Ashenzari
Cheibriados
Dithmenos
Elyvilon
Fedhas
Gozag
Hepliaklqana
Kikubaaqudgha
Makhleb
Okawaru
Qazlal
Ru
Sif Muna
Trog
Uskayaw
Vehumet
Xom
Zin
The Shining One

Shops:
D:6 [   D:8 !

Annotations:
D:3 Naow's ghost, amateur DECj


Message History

The worm is severely wounded.
Casting: Magic Dart
Confirm with . or Enter, or press ? or * to list all spells.
Aiming: Magic Dart
Press: ? - help, Shift-Dir - straight line, f/p - worm
Aim: a worm (severely wounded)
The magic dart hits the worm.
You kill the worm!
Vehumet accepts your kill.
Found 20 stones.
There isn't anything here!
You see here a worm corpse.
You butcher the worm corpse.
K - 2 chunks of flesh A swamp worm bursts forth from the water.
The swamp worm bites you! The swamp worm bites you!!
* * * LOW HITPOINT WARNING * * *
You see here a worm corpse.
You butcher the worm corpse.
The swamp worm bites you!
You die...

#### ### #. ...... ... #.
...#..#.############ #.
.#.#.>.)............
#.###≈≈≈≈≈≈≈.###...######
#<#≈≈≈≈ ≈≈≈≈##...#
#≈≈≈#######≈≈≈#...#
#≈≈≈#≈≈@w≈##≈≈#...#
#≈≈≈≈≈≈≈†≈(#≈≈....#
#≈≈P#≈†≈≈≈##≈≈.####
#≈≈≈#######≈≈≈.#
##≈≈≈≈≈≈≈≈≈≈≈..#
###≈≈≈≈≈≈≈...##
####.....### #######


You could see a swamp worm.

Vanquished Creatures
  Prince Ribbit (D:7)
  A spriggan (D:7)
  5 ice beasts
  2 orc warriors
  3 sky beasts
  2 black bears
  2 ogres
  2 centaurs
  3 big kobolds
  3 bullfrogs
  A wyvern zombie (D:7)
  2 scorpions
  3 howler monkeys
  A crimson imp (D:7)
  5 orc priests
  3 bullfrog skeletons
  3 hounds
  7 orc wizards
  An iguana (D:4)
  3 worker ants
  A statue (D:4)
  A hound skeleton (D:7)
  A hound zombie (D:3)
  3 gnolls (D:7)
  2 river rats (D:4)
  12 adders
  A shadow imp (D:6)
  An adder skeleton (D:5)
  18 worms
  2 dart slugs
  3 leopard geckos
  22 orcs
  11 bats
  7 giant cockroaches
  10 hobgoblins
  27 jackals
  5 quokkas
  6 ball pythons
  13 frilled lizards
  10 goblins
  33 kobolds
  A leopard gecko skeleton (D:6)
  A quokka skeleton (D:5)
  A quokka zombie (D:5)
  6 rats
  3 plants
254 creatures vanquished.

Vanquished Creatures (others)
  5 fulminant prisms (D:8)
  4 plants
9 creatures vanquished.

Grand Total: 263 creatures vanquished

Notes
Turn   | Place    | Note
-------+----------+-------------------------------------------
     0 | D:1      | Naow the Deep Elf Conjurer began the quest for the Orb.
     0 | D:1      | Reached XP level 1. HP: 10/10 MP: 6/6
   270 | D:1      | Reached XP level 2. HP: 15/15 MP: 6/8
   274 | D:1      | Learned a level 2 spell: Searing Ray
   716 | D:1      | Reached skill level 5 in Conjurations
   999 | D:2      | Reached XP level 3. HP: 19/19 MP: 8/10
  1632 | D:2      | Reached XP level 4. HP: 24/24 MP: 9/12
  2545 | D:3      | Found a snail-covered altar of Cheibriados.
  2551 | D:3      | Found a shattered altar of Ashenzari.
  2651 | D:3      | Reached XP level 5. HP: 28/28 MP: 7/14
  2659 | D:3      | Noticed Naow's ghost (amateur DECj)
  2992 | D:3      | Reached skill level 5 in Spellcasting
  3095 | D:3      | Found a sacrificial altar of Ru.
  3775 | D:4      | Learned a level 5 spell: Iskenderun's Battlesphere
  3780 | D:4      | Learned a level 4 spell: Iskenderun's Mystic Blast
  3801 | D:4      | Found a radiant altar of Vehumet.
  3803 | D:4      | Noticed a frost-covered statue
  4088 | D:4      | Reached XP level 6. HP: 32/32 MP: 10/16
  4094 | D:4      | Learned a level 4 spell: Fulminant Prism
  4217 | D:4      | Found a glowing drain.
  4233 | D:4      | Reached skill level 1 in Charms
  4237 | Sewer    | Entered a sewer
  4659 | Sewer    | Reached skill level 2 in Charms
  5194 | D:4      | Got a slimy robe
  5205 | D:4      | Identified the +2 robe of the Iron City of Dis {Dex+10} (You found it on level 4 of the Dungeon)
  5234 | D:4      | Noticed a sky beast
  5238 | D:4      | Killed a sky beast
  5238 | D:4      | Reached skill level 4 in Charms
  5413 | D:4      | Found a glowing golden altar of the Shining One.
  5584 | D:4      | Noticed a sky beast
  5600 | D:4      | Reached skill level 5 in Charms
  5608 | D:4      | Killed a sky beast
  5608 | D:4      | Reached skill level 6 in Charms
  5608 | D:4      | Reached XP level 7. HP: 36/36 MP: 7/17
  5797 | D:4      | Reached skill level 7 in Charms
  5935 | D:4      | Became a worshipper of Vehumet
  6019 | D:5      | Entered Level 5 of the Dungeon
  6306 | D:5      | Found an ancient bone altar of Kikubaaqudgha.
  6306 | D:5      | Found a white marble altar of Elyvilon.
  6307 | D:5      | Found a shadowy altar of Dithmenos.
  6317 | D:5      | Found an opulent altar of Gozag.
  6367 | D:5      | Reached skill level 8 in Charms
  6625 | D:5      | Reached skill level 9 in Charms
  7156 | D:6      | Found a hazy altar of Hepliaklqana.
  7396 | D:6      | Reached XP level 8. HP: 41/41 MP: 7/18
  7517 | D:6      | Reached skill level 10 in Charms
  7694 | D:6      | Reached skill level 11 in Charms
  7836 | D:6      | Reached * piety under Vehumet
  7836 | D:6      | Offered knowledge of Shock by Vehumet.
  8151 | D:6      | Reached skill level 12 in Charms
  8596 | D:6      | Found Aleunaj's Antique Armour Shop.
  8604 | D:6      | Bought a hat for 132 gold pieces
  8782 | D:6      | Reached skill level 13 in Charms
  9046 | D:7      | Reached XP level 9. HP: 29/45 MP: 14/20
  9319 | D:7      | Noticed Prince Ribbit
  9329 | D:7      | Killed Prince Ribbit
 10239 | D:7      | Reached ** piety under Vehumet
 10394 | D:7      | Found a staircase to the Ecumenical Temple.
 10400 | D:7      | Offered knowledge of Sting by Vehumet.
 10409 | D:7      | Reached skill level 5 in Dodging
 10417 | Temple   | Entered the Ecumenical Temple
 10928 | D:8      | Found Duedeg's Distillery.
 10949 | D:8      | Bought a potion of curing for 39 gold pieces
 11874 | D:8      | Offered knowledge of Static Discharge by Vehumet.
 11897 | D:8      | Slain by a swamp worm

Skill      XL: |  1  2  3  4  5  6  7  8  9 |
---------------+----------------------------+-----
Conjurations   | 5 6 7 8 |  8.7
Spellcasting   | 4 5 6 8 |  8.7
Charms         | 6 9 13 | 13.0
Dodging        | 3 6 |  6.2
Stealth        | |  2.4

Action                   |  1- 3 |  4- 6 |  7- 9 || total
-------------------------+-------+-------+-------++-------
Melee: Dagger            |       |    19 |    20 ||    39
 Cast: Magic Dart        |    72 |   138 |   175 ||   385
       Searing Ray       |       |    24 |    53 ||    77
       Iskenderun's Myst |       |     4 |    10 ||    14
       Iskenderun's Batt |       |       |    11 ||    11
       Fulminant Prism   |       |       |     5 ||     5
  Use: Potion            |       |       |     2 ||     2
  Eat: Chunk             |     2 |    14 |    20 ||    36
       Fruit             |       |       |     3 ||     3
Armor: Robe              |       |    10 |    36 ||    46
Dodge: Dodged            |     4 |    36 |   104 ||   144
